 Dungeon Crawl Stone Soup version 0.30.0-10-gfe55d96785 (webtiles) character file.

Game seed: 13185986087637772937

3123 AlmostDecent the Cleaver (level 9, 0/69 HPs)
             Began as a Demonspawn Fighter on May 13, 2023.
             Was a Believer of Okawaru.
             Slain by an acid dragon (2 damage)
             ... on level 8 of the Dungeon.
             The game lasted 00:17:57 (5030 turns).

AlmostDecent the Cleaver (Demonspawn Fighter)       Turns: 5030, Time: 00:17:58

Health: 0/69       AC:  1    Str: 21    XL:     9   Next: 60%
Magic:  9/9        EV: 10    Int:  9    God:    Okawaru [**....]
Gold:   265        SH:  4    Dex: 13    Spells: 8/8 levels left

rFire   . . .        x - +3 war axe (flame)
rCold   . . .        c - +0 buckler
rNeg    . . .        b - +0 troll leather armour {Pargi}
rPois   .            o - +0 helmet
rElec   .            (no cloak)
rCorr   .            (gloves unavailable)
SInv    .            u - +2 pair of boots
Will    +....        (no amulet)
Stlth   +            C - +4 ring of slaying
HPRegen 1.11/turn    d - ring of willpower
MPRegen 0.11/turn

%: no passive effects
@: about to teleport, corroded
A: (demonic guardian 1), sharp scales 1, demonic touch 3
a: Renounce Religion, Heroism


You were on level 8 of the Dungeon.
You worshipped Okawaru.
Okawaru was pleased with you.
You visited 2 branches of the dungeon, and saw 8 of its levels.
You also visited: Sewer and Ossuary.

You collected 265 gold pieces.

Inventory:

Hand Weapons
 x - a +3 war axe of flaming (weapon)
Armour
 b - a +0 troll leather armour (worn) {Pargi}
 c - a +0 buckler (worn)
 g - the +3 leather armour of Gestures {Will+}
   (You found it in a sewer)

   Will:      It increases your willpower.
 j - a +1 pair of boots
 o - a +0 helmet (worn)
 u - a +2 pair of boots (worn)
Jewellery
 d - a ring of willpower (right hand)
 r - a ring of positive energy
 t - a ring of fire
 C - a +4 ring of slaying (left hand)
Wands
 n - a wand of roots (10)
Scrolls
 f - 2 scrolls of teleportation
 h - a scroll of enchant weapon
 y - a scroll of butterflies
 A - a scroll of silence
Potions
 a - 2 potions of haste
 e - 3 potions of magic
 i - 5 potions of flight
 k - a potion of ambrosia {unknown}
 q - 3 potions of lignification
 z - a potion of berserk rage {unknown}
 B - a potion of heal wounds {unknown}


   Skills:
 + Level 5.7 Fighting
 * Level 11.6 Axes
 - Level 2.6 Armour
 + Level 1.1 Stealth
 - Level 2.6 Shields


You had 8 spell levels left.
You didn't know any spells.
Your spell library contained the following spells:

 Spells                   Type           Power      Damage    Failure   Level
 Sandblast                Erth           0%         2d4       52%         1
 Ensorcelled Hibernation  Hex/Ice        0%         N/A       65%         2
 Passwall                 Tmut/Erth      0%         N/A       65%         2
 Stone Arrow              Conj/Erth      0%         3d7       87%         3
 Swiftness                Air            0%         N/A       87%         3
 Lehudib's Crystal Spear  Conj/Erth      0%         10d2      100%        8
 Animate Armour           Summ/Erth      Unusable   N/A       N/A         4

Dungeon Overview and Level Annotations

Branches:
Dungeon (8/15)             Temple (1/1) D:5           Sewer (visited)
Ossuary (visited)
   Lair: D:8-11

Altars:
Ashenzari
Cheibriados
Dithmenos
Fedhas
Gozag
Hepliaklqana
Kikubaaqudgha
Makhleb
Nemelex Xobeh
Okawaru
Qazlal
Ru
Trog
Uskayaw
Yredelemnul

Shops:
D:1 !   D:5 *


Innate Abilities, Weirdness & Mutations

((A weak demonic guardian rushes to your aid.))
You are partially covered in razor-sharp scales. (AC +1, Slay +1)
Your touch may irresistibly damage your foes and sap their willpower.


Message History

The acid dragon spits acid at you. The splash of acid hits you!
The acid corrodes you!
You closely miss the acid dragon.
The acid dragon bites you but does no damage.
The acid dragon completely misses you.
You closely miss the acid dragon. The acid dragon closely misses you.
The acid dragon claws you.
You hit the acid dragon. You burn the acid dragon.
The acid dragon is lightly wounded.
The acid dragon spits acid at you. The splash of acid hits you!!
* * * LOW HITPOINT WARNING * * *
The acid corrodes you!
You hear an angry hiss.
You barely miss the acid dragon.
The acid dragon is lightly wounded.
A wyvern comes into view.
The acid dragon closely misses you. The acid dragon claws you.
* * * LOW HITPOINT WARNING * * *
You feel better. The acid dragon bites you!
* * * LOW HITPOINT WARNING * * *
The acid dragon closely misses you.
As you read the scroll of teleportation, it crumbles to dust.
You feel strangely unstable. The wyvern bites you!
* * * LOW HITPOINT WARNING * * *
The orc hits you with a +0 hand axe.
* * * LOW HITPOINT WARNING * * *
The acid dragon bites you.
* * * LOW HITPOINT WARNING * * *
You block the acid dragon's attack.
The orc wizard hits you with a +0 dagger.
* * * LOW HITPOINT WARNING * * *
The wyvern barely misses you.
You feel better. The orc hits you with a +0 hand axe.
* * * LOW HITPOINT WARNING * * *
The wyvern bites you.
* * * LOW HITPOINT WARNING * * *
The orc wizard closely misses you. You block the acid dragon's attack.
The acid dragon claws you.
You die...

#########.## #.
...###.# #
#.###.#...##.##
#.###.#....!~.......#
#.......#.#≈≈.##.##.#
.......#.≈≈.≈...#
###.....≈#.≈##...
##.#...lD#≈≈##~≈≈...
......o@##≈o#..... .
#......o##Do#≈.##.#
#......).##.o ≈. .#
#.##.#...# ... #
#.#.#≈. #... . .. ≈≈#
.... . ... ..# ## ..#
#.# ### .#


You could see a wyvern, an acid dragon, an orc wizard and an orc.

Vanquished Creatures
  A two-headed ogre (D:8)
  A troll (D:5)
  Sigmund (D:5)
  A steam dragon (D:7)
  A water moccasin (D:7)
  Pargi (Sewer)
  A sky beast (D:7)
  A bullfrog (D:8)
  8 elf zombies (Ossuary)
  Blork the orc (D:5)
  2 scorpions
  A jelly (D:7)
  2 howler monkeys (D:7)
  3 human zombies (Ossuary)
  3 hounds
  A centaur zombie (Ossuary)
  An orc priest (D:3)
  A sleepcap (D:5)
  Natasha (thrice) (D:2)
  7 orc wizards
  3 mummies (Ossuary)
  Robin (D:3)
  4 gnolls
  9 adders
  2 shadow imps
  2 worms
  A dart slug (D:1)
  26 orcs
  7 endoplasms
  6 giant cockroaches
  12 goblins
  12 hobgoblins
  4 jackals (D:4)
  3 quokkas
  8 ball pythons
  9 bats
  A frilled lizard (D:1)
  6 kobolds
  A rat (D:5)
158 creatures vanquished.

Vanquished Creatures (collateral kills)
  A goblin (D:3)
1 creature vanquished.

Grand Total: 159 creatures vanquished

Notes
Turn   | Place    | Note
-------+----------+-------------------------------------------
     0 | D:1      | AlmostDecent the Demonspawn Fighter began the quest for the
                  | Orb.
     0 | D:1      | Reached XP level 1. HP: 18/18 MP: 1/1
    99 | D:1      | Reached skill level 2 in Axes
   137 | D:1      | Found a faded altar of an unknown god.
   211 | D:1      | Gained mutation: You are partially covered in razor-sharp
                  | scales. (AC +1, Slay +1) [demonic ancestry]
   211 | D:1      | Reached XP level 2. HP: 5/24 MP: 2/2
   345 | D:1      | Found Zetwaq's Distillery.
   654 | D:1      | Reached XP level 3. HP: 26/29 MP: 3/3
   841 | D:1      | Reached skill level 3 in Axes
  1218 | D:2      | Noticed Natasha
  1227 | D:2      | Killed Natasha
  1228 | D:2      | Gained mutation: A weak demonic guardian rushes to your
                  | aid. [demonic ancestry]
  1228 | D:2      | Reached XP level 4. HP: 35/35 MP: 4/4
  1378 | D:2      | Reached skill level 4 in Axes
  1674 | D:2      | Noticed Natasha
  1681 | D:2      | Killed Natasha
  1759 | D:2      | Noticed Natasha
  1764 | D:2      | Killed Natasha
  1765 | D:2      | Reached XP level 5. HP: 37/41 MP: 5/5
  1851 | D:3      | Reached skill level 5 in Axes
  2175 | D:3      | Noticed Robin
  2185 | D:3      | Killed Robin
  2435 | D:3      | Gained mutation: Your touch may inflict minor irresistible
                  | damage on your foes. [demonic ancestry]
  2435 | D:3      | Reached XP level 6. HP: 47/47 MP: 6/6
  2841 | D:4      | Reached skill level 6 in Axes
  3275 | D:5      | Entered Level 5 of the Dungeon
  3286 | D:5      | Found Tidwilim's General Store.
  3290 | D:5      | Found Luej Jauj's Specific Store.
  3337 | D:5      | Found a glowing drain.
  3352 | Sewer    | Entered a sewer
  3381 | Sewer    | Noticed Pargi
  3388 | Sewer    | Killed Pargi
  3389 | Sewer    | Gained mutation: Your touch may inflict irresistible damage
                  | on your foes. [demonic ancestry]
  3389 | Sewer    | Reached XP level 7. HP: 52/54 MP: 7/7
  3404 | Sewer    | Identified the +3 leather armour of Gestures {Will+}
  3477 | D:5      | Found a sand-covered staircase.
  3483 | Ossuary  | Entered an ossuary
  3524 | Ossuary  | Reached skill level 7 in Axes
  3628 | Ossuary  | Reached skill level 8 in Axes
  3636 | Ossuary  | Reached XP level 8. HP: 61/61 MP: 8/8
  3702 | D:5      | Noticed a troll
  3703 | D:5      | Noticed Sigmund
  3708 | D:5      | Killed a troll
  3709 | D:5      | Reached skill level 9 in Axes
  3723 | D:5      | Killed Sigmund
  3742 | D:5      | Found a staircase to the Ecumenical Temple.
  3752 | Temple   | Entered the Ecumenical Temple
  3889 | Temple   | Became a worshipper of Warmaster Okawaru
  3934 | D:5      | Noticed Blork the orc
  3938 | D:5      | Found a burning altar of Makhleb.
  3942 | D:5      | Killed Blork the orc
  4073 | D:5      | You fall into a shaft and drop 2 floors!
  4081 | D:7      | Reached skill level 10 in Axes
  4091 | D:7      | Reached skill level 5 in Fighting
  4091 | D:7      | Gained mutation: Your touch may irresistibly damage your
                  | foes and sap their willpower. [demonic ancestry]
  4091 | D:7      | Reached XP level 9. HP: 29/68 MP: 9/9
  4141 | D:7      | Reached * piety under Okawaru
  4924 | D:8      | Noticed a two-headed ogre
  4934 | D:8      | Killed a two-headed ogre
  4934 | D:8      | Reached ** piety under Okawaru
  4935 | D:8      | Reached skill level 11 in Axes
  4935 | D:8      | Reached skill level 1 in Stealth
  5029 | D:8      | HP: 2/69 [orc wizard/+0 dagger (2)]
  5030 | D:8      | Slain by an acid dragon

Illustrated notes

Levels and vault maps discovered:
D:1:      dpeg_arrival_long_road, layout_basic, serial_shops, shop,
          chequers_ecumenical_altar_simple_redux
D:2:      layout_loops_ring, serial_park_tiny_1, nicolae_half_adder,
          uniq_natasha
D:3:      layout_basic, uniq_robin
D:4:      layout_cave_pools
D:5:      layout_loops_corners, mainiacjoe_overflow_boulevard,
          minmay_temple_entry_butterflies, lightli_ossuary_entry_decrepit_ruins,
          cheibrodos_sewer_entry_drain, nicolae_specific_store,
          chequers_mini_garden, minmay_hollow_rounded_squares, uniq_sigmund,
          uniq_pikel, uniq_blork_the_orc
D:7:      layout_gridville
D:8:      layout_loops_cross, nicolae_overflow_hidden_temple, serial_rivers,
          chequers_serial_rivers_marsh, chequers_serial_rivers_micro_d,
          chequers_serial_rivers_micro_e, chequers_serial_rivers_small_b,
          chequers_serial_rivers_micro_c, chequers_serial_rivers_large_a,
          uniq_maurice
Temple:   regret_index_temple_sphere_string

Skill      XL: |  1  2  3  4  5  6  7  8  9 |
---------------+----------------------------+-----
Axes           | 2 3 4 5 6 8 10 11 | 11.6
Fighting       | 4 5 |  5.7
Stealth        | 1 |  1.1
Armour         | |  2.6
Shields        | |  2.6

Action                     |  1- 3 |  4- 6 |  7- 9 || total
---------------------------+-------+-------+-------++-------
  Melee: War axe           |   104 |   184 |   230 ||   518
 Invoke: Heroism           |       |       |     1 ||     1
    Use: Scroll            |       |     7 |    11 ||    18
         Potion            |       |     1 |     4 ||     5
 Armour: Scale mail        |    53 |    90 |       ||   143
         Troll leather arm |       |       |    74 ||    74
  Dodge: Dodged            |    45 |   114 |    72 ||   231
  Block: Buckler           |    22 |    37 |    37 ||    96
